 Dungeon Crawl Stone Soup version 0.26-a0-1120-ga1b6d6fda9 (webtiles) character file.

Game seed: 10697519053074120155

756105 Mervan the Metallomancer (level 27, 0/199 HPs)
             Began as a Gargoyle Earth Elementalist on Dec 15, 2020.
             Was the Champion of Vehumet.
             Killed from afar by a fire dragon (6 damage)
             ... with a blast of flame
             ... on level 25 of a ziggurat on Dec 17, 2020.
             The game lasted 03:43:35 (70889 turns).

Mervan the Metallomancer (GrEE)                    Turns: 70889, Time: 03:43:36

Health: 0/199      AC: 40    Str: 15    XL:     27
Magic:  31/48      EV: 27    Int: 31    God:    Vehumet [******]
Gold:   7056       SH:  0    Dex: 10    Spells: 20/69 levels left

rFire    + + +     SeeInvis +   c - +7 great mace "Firestarter" {inner flame, rF++}
rCold    . . .     Faith    .   (shield currently unavailable)
rNeg     + + +     Spirit   .   g - +3 leather armour {rF+}
rPois    ∞         Reflect  .   u - +2 helmet of the Other Side {+Blink Int+7}
rElec    +         Harm     .   t - +2 cloak {rCorr}
rCorr    +         Rampage  .   j - +2 pair of gloves
Will     ++...                  V - +2 pair of boots
Stlth    +++.......             S - amulet of Vitality {Regen+ HP+15}
HPRegen  0.83/turn              i - ring of Qinecseu {*Drain rF+ rN++ SInv}
MPRegen  0.31/turn              P - ring of Phasing {EV+8}

@: flying, very slightly contaminated, studying 2 skills
A: big wings, claws 1, fangs 1, camouflage 1, blurry vision 2, dopey 1, negative
energy resistance 1, electricity resistance, unbreathing, petrification
resistance, miasma immunity, AC +20
}: 3/15 runes: decaying, silver, gossamer
a: Stop Flying, Renounce Religion, Evoke Blink


You were on level 25 of a ziggurat.
You worshipped Vehumet.
Vehumet was exalted by your worship.
You visited 10 branches of the dungeon, and saw 48 of its levels.
You visited 1 ziggurat, and saw 25 of its levels.
You also visited: Ossuary, Bailey and Wizlab.

You collected 9351 gold pieces.
You spent 2295 gold pieces at shops.

Inventory:

Hand Weapons
 c - the +7 great mace "Firestarter" (weapon) {inner flame, rF++}
   (You found it on level 24 of a ziggurat)

   It has been specially enchanted to burn those struck by it, causing extra
   injury to most foes and up to half again as much damage against particularly
   susceptible opponents.
   It greatly protects you from fire.
 Q - a +9 sacred scourge of holy wrath
 R - a +9 demon whip of draining
Missiles
 y - 7 throwing nets (quivered)
Armour
 b - a +2 robe of the Archmagi
 g - a +3 leather armour of fire resistance (worn)
 j - a +2 pair of gloves (worn)
 t - a +2 cloak of preservation (worn)
 u - the +2 helmet of the Other Side (worn) {+Blink Int+7}
   (You found it on level 3 of the Vaults)

   It affects your intelligence (+7).
   It lets you blink.
 O - a scarf of invisibility
 V - a +2 pair of boots (worn)
Jewellery
 i - the ring of Qinecseu (left hand) {*Drain rF+ rN++ SInv}
   (You took it off a deep elf death mage on level 3 of the Elven Halls)

   [ring of protection from fire]

   It protects you from fire.
   It greatly protects you from negative energy.
   It lets you see invisible.
   It causes draining when unequipped.
 o - an uncursed amulet of magic regeneration
 E - the ring "Nireil" {rElec rC+ EV+4}
   (You found it on level 5 of the Vaults)

   [ring of evasion]

   It affects your evasion (+4).
   It protects you from cold.
   It insulates you from electricity.
 L - the ring "Kuoso" {+Inv MP+9 Dex+7}
   (You found it on level 3 of the Depths)

   [ring of magical power]

   It affects your dexterity (+7).
   It affects your magic capacity (+9).
   It lets you turn invisible.
 P - the ring of Phasing (right hand) {EV+8}
   (You found it on level 12 of the Dungeon)

   [ring of evasion]

   It affects your evasion (+8).
 S - the amulet of Vitality (around neck) {Regen+ HP+15}
   (You found it on level 18 of a ziggurat)

   [amulet of regeneration]

   It affects your health (+15).
   It increases your rate of regeneration.
Wands
 e - a wand of digging (24)
 h - a wand of polymorph (5)
 r - a wand of iceblast (92)
 s - a wand of disintegration (26)
 F - a wand of acid (34)
 I - a wand of paralysis (18)
Scrolls
 a - 3 scrolls of immolation
 A - 14 scrolls of fog
 B - 23 scrolls of identify
 G - 32 scrolls of remove curse
 K - 5 scrolls of magic mapping
 M - 25 scrolls of teleportation
 N - 3 scrolls of amnesia
 W - a scroll of summoning
 X - a scroll of enchant armour
Potions
 f - 7 potions of brilliance
 l - 2 potions of ambrosia
 m - 3 potions of haste
 p - 7 potions of might
 v - 21 potions of curing
 z - 5 potions of berserk rage
 C - 15 potions of mutation
 D - 2 potions of invisibility
 H - 8 potions of magic
 Z - 6 potions of cancellation
Books
 d - a manual of
Armour
 w - a manual of Stealth
Miscellaneous
 n - a condenser vane
 q - a tin of tremorstones (2/2)
 J - a phantom mirror
 T - a box of beasts
 U - a lightning rod (4/4)


   Skills:
 + Level 22.2 Fighting
 - Level 14.0 Maces & Flails
 - Level 6.0 Armour
 - Level 15.0 Dodging
 - Level 2.1 Stealth
 + Level 21.6 Spellcasting
 - Level 20.0 Conjurations
 - Level 0.7 Transmutations
 - Level 22.0 Fire Magic
 + Level 20.9 Ice Magic
 - Level 22.2 Earth Magic
 - Level 10.0 Evocations


You had 20 spell levels left.
You knew the following spells:

 Your Spells              Type           Power        Failure   Level
a - Shatter               Erth           53%          3%          9
b - Stone Arrow           Conj/Erth      100%         0%          3
c - Lee's Rapid Deconstr  Erth           53%          0%          5
d - Iron Shot             Conj/Erth      52%          1%          6
e - Absolute Zero         Ice            52%          6%          9
f - Fire Storm            Conj/Fire      52%          6%          9
g - Ignition              Fire           53%          1%          8

Your spell library contained the following spells:

 Spells                   Type           Power        Failure   Level
 Lehudib's Crystal Spear  Conj/Erth      52%          1%          8
 Foxfire                  Conj/Fire      100%         0%          1
 Freeze                   Ice            100%         0%          1
 Magic Dart               Conj           100%         0%          1
 Sandblast                Erth           100%         0%          1
 Shock                    Conj/Air       100%         0%          1
 Passwall                 Tmut/Erth      67%          0%          2
 Searing Ray              Conj           100%         0%          2
 Conjure Flame            Conj/Fire      100%         0%          3
 Frozen Ramparts          Ice            100%         0%          3
 Ozocubu's Armour         Ice            100%         0%          3
 Hailstorm                Conj/Ice       100%         0%          4
 Sticky Flame             Conj/Fire      100%         0%          4
 Bolt of Magma            Conj/Fire/Erth 52%          0%          5
 Fireball                 Conj/Fire      52%          0%          5
 Iskenderun's Battlesphe  Conj           100%         0%          5
 Animate Skeleton         Necr           66%          1%          1
 Apportation              Tloc           66%          1%          1
 Beastly Appendage        Tmut           76%          1%          1
 Corona                   Hex            36%          1%          1
 Pain                     Necr           100%         1%          1
 Sting                    Tmut/Pois      100%         1%          1
 Summon Small Mammal      Summ           100%         1%          1
 Blink                    Tloc           N/A          1%          2
 Call Imp                 Summ           33%          1%          2
 Corpse Rot               Necr/Air       N/A          1%          2
 Ensorcelled Hibernation  Hex/Ice        100%         1%          2
 Poisonous Vapours        Pois/Air       66%          1%          2
 Slow                     Hex            33%          1%          2
 Swiftness                Air            33%          1%          2
 Wereblood                Tmut           38%          1%          2
 Dazzling Flash           Conj/Hex       100%         1%          3
 Ignite Poison            Fire/Tmut/Pois 69%          1%          3
 Inner Flame              Hex/Fire       80%          1%          3
 Mephitic Cloud           Conj/Pois/Air  66%          1%          3
 Fulminant Prism          Conj/Hex       38%          1%          4
 Ice Form                 Ice/Tmut       79%          1%          4
 Iskenderun's Mystic Bla  Conj/Tloc      77%          1%          4
 Leda's Liquefaction      Hex/Erth       40%          1%          4
 Petrify                  Tmut/Erth      81%          1%          4
 Summon Ice Beast         Ice/Summ       78%          1%          4
 Borgnjor's Vile Clutch   Necr/Erth      40%          1%          5
 Irradiate                Conj/Tmut      39%          1%          5
 Metabolic Englaciation   Hex/Ice        39%          1%          5
 Conjure Ball Lightning   Conj/Air       38%          1%          6
 Freezing Cloud           Conj/Ice/Air   43%          1%          6
 Ozocubu's Refrigeration  Ice            52%          1%          6
 Starburst                Conj/Fire      52%          1%          6
 Orb of Destruction       Conj           51%          1%          7
 Simulacrum               Ice/Necr       39%          2%          6
 Gell's Gravitas          Tloc           16%          3%          3
 Lesser Beckoning         Tloc           16%          3%          3
 Portal Projectile        Hex/Tloc       66%          3%          3
 Spider Form              Tmut/Pois      17%          3%          3
 Teleport Other           Tloc           33%          3%          3
 Tukima's Dance           Hex            33%          3%          3
 Vampiric Draining        Necr           16%          3%          3
 Airstrike                Air            16%          3%          4
 Olgreb's Toxic Radiance  Pois           33%          3%          4
 Spellforged Servitor     Conj/Summ      38%          4%          7
 Animate Dead             Necr           16%          12%         4
 Cause Fear               Hex            16%          12%         4
 Dispel Undead            Necr           33%          12%         4
 Passage of Golubria      Tloc           N/A          12%         4
 Summon Lightning Spire   Summ/Air       33%          12%         4
 Blade Hands              Tmut           19%          24%         5
 Alistair's Intoxication  Tmut/Pois      23%          28%         5
 Chain Lightning          Conj/Air       38%          30%         8
 Agony                    Necr           33%          32%         5
 Excruciating Wounds      Necr           16%          32%         5
 Silence                  Hex/Air        16%          32%         5
 Summon Demon             Summ           16%          32%         5
 Summon Forest            Summ/Tloc      16%          32%         5
 Summon Mana Viper        Hex/Summ       33%          32%         5
 Hydra Form               Tmut           19%          80%         6
 Eringya's Noxious Bog    Tmut/Pois      17%          83%         6
 Death Channel            Necr           16%          87%         6
 Dispersal                Tloc           16%          87%         6
 Invisibility             Hex            33%          87%         6
 Shadow Creatures         Summ           N/A          87%         6
 Dragon Form              Tmut           19%          100%        7
 Summon Hydra             Summ           16%          100%        7
 Discord                  Hex            16%          100%        8
 Disjunction              Tloc           16%          100%        8
 Tornado                  Air            16%          100%        9
 Sublimation of Blood     Necr           Unusable     N/A         2
 Statue Form              Tmut/Erth      Unusable     N/A         6

Dungeon Overview and Level Annotations

Branches:
Dungeon (15/15)            Temple (1/1) D:5            Lair (6/6) D:10
  Swamp (4/4) Lair:4       Spider (4/4) Lair:2        Slime (0/5) Lair:5
    Orc (2/2) D:12            Elf (3/3) Orc:2        Vaults (5/5) D:13
  Crypt (3/3) Vaults:2       Tomb (0/3) Crypt:3      Depths (5/5) D:15
    Zot (0/5) Depths:5    Ossuary (visited)          Bailey (visited)
 WizLab (visited)

Altars:
Ashenzari
Cheibriados
Dithmenos
Elyvilon
Fedhas
Gozag
Hepliaklqana
Kikubaaqudgha
Nemelex Xobeh
Okawaru
Qazlal
Ru
Sif Muna
Trog
Uskayaw
Vehumet
Wu Jian
Xom
Yredelemnul
Zin
The Shining One
Beogh

Shops:
D:9 =   Orc:2 ?(![*   Elf:1 [[   Elf:2 (   Vaults:2 (*   Vaults:5 *
Depths:1 =}=

Portals:
Hell: Depths:1 Depths:2 Depths:3 Depths:4 Depths:5
Abyss: Depths:3 Depths:4
Pandemonium: Depths:3 Depths:5

Annotations:
D:8 2 transporters, angryZebra's ghost, novice DrVM
D:12 2 transporters, hidenotslide's ghost, journeyman HOAK
D:15 1 runed translucent door, Veuxo's ghost, journeyman DEIE
Elf:2 5 runed translucent doors
Depths:1 1 runed translucent door, Empopn's ghost, adept GnWn


Innate Abilities, Weirdness & Mutations

You are resistant to torment.
Your stone body is resilient. (AC +20)
You are immune to poison.
Your large and strong wings let you fly indefinitely.
You resist negative energy. (rN+)
You are resistant to electric shocks. (rElec)
You can survive without breathing.
You are immune to petrification.
You are immune to miasma.
You have sharp fingernails.
You have very sharp teeth.
Your skin changes colour to match your surroundings (Stealth+).
Scrolls take you longer to read.
You are dopey. (Int -2)


Message History

* * * LOW HITPOINT WARNING * * *
The orb of fire emits a lurid red light.
The fireball explodes!
The fireball engulfs the orb of fire.
The orb of fire completely resists.
The fireball engulfs the balrug.
The balrug completely resists.
The fireball engulfs you but does no damage.
You resist.
The fireball engulfs the balrug.
The balrug completely resists.
The fireball engulfs the orb of fire.
The orb of fire completely resists.
The efreet gestures at you.
The bolt of fire hits the orb of fire.
The orb of fire completely resists.
The bolt of fire hits the orb of fire.
The orb of fire completely resists.
The bolt of fire misses you. The balrug gestures at you. Something smites you!
* * * LOW HITPOINT WARNING * * *
The fire dragon breathes flames at you.
The blast of flame hits the efreet.
The efreet completely resists.
The blast of flame hits the orb of fire.
The orb of fire completely resists.
The blast of flame hits you. You resist.
You die...

▓.............†......
▓▓....................
▓..................)..
▓.....................
▓...............))....
▓.............)...RD.†
▓▓..............*..R°R.
▓..∩...........@*)C†*.☼
▓▓.............222*)R2○
▓..............).[)D2.
▓....................○
▓..................)..
▓.....................
▓▓....................
▓....................


You could see 4 orbs of fire, a fire giant, 2 fire dragons, 5 balrugs and 4
efreet.

Vanquished Creatures
  19 pandemonium lords
  5 ancient liches
  Mennas (Vaults:2)
  An orb of fire (Zig:25)
  Mara (Vaults:3)
  4 juggernauts
  3 royal mummies (Zig:22)
  Boris (twice) (Vaults:2 Crypt:2)
  3 shard shrikes (Zig:11)
  Xtahua (Vaults:5)
  Saint Roka (Vaults:3)
  6 Killer Klowns
  2 caustic shrikes
  9 golden dragons
  Nikola (Vaults:3)
  4 bone dragons
  The ghost of Qoejuywk the Fighter, an adept DsCK of Xom (Vaults:3)
  Jorgrun (Swamp:3)
  2 hellephants (Zig:16)
  4 iron giants
  11 liches
  2 Ice Fiends (Zig:11)
  4 tentacled monstrosities
  2 Hell Sentinels
  6 deep elf master archers
  Frances (Spider:2)
  3 deep elf blademasters (Elf:3)
  2 quicksilver dragons (shapeshifter)
  7 titans
  An acid blob (Depths:3)
  2 tentacled starspawn
  10 sphinxes
  8 ancient champions
  10 tengu reavers
  Roxanne (Spider:4)
  8 revenants
  Donald (Vaults:1)
  6 shadow dragons
  2 draconian monks
  A fenstrider witch (Zig:18)
  Kirke (D:13)
  2 azure jellies (Depths:3)
  An azure jelly (shapeshifter) (Zig:20)
  16 fire giants
  21 vault wardens
  2 draconian knights
  8 balrugs
  A fenstrider witch (shapeshifter) (Zig:20)
  4 iron dragons
  6 frost giants
  3 corrupters
  4 emperor scorpions
  Louise (Spider:3)
  9 deep elf sorcerers
  2 orc warlords (Zig:15)
  A ghost moth (shapeshifter) (Zig:21)
  A draconian stormcaller (Depths:5)
  4 ghost moths (Spider:4)
  A caustic shrike zombie (Depths:2)
  2 draconian shifters
  7 deep elf elementalists
  6 curse skulls
  12 reapers
  A cacodemon (Depths:3)
  9 ghouls
  20 large abominations
  18 ironheart preservers
  4 war gargoyles
  2 spriggan defenders
  35 very ugly things
  24 stone giants
  An ophan (Zig:3)
  A juggernaut skeleton (Crypt:2)
  4 deep elf demonologists
  A caustic shrike skeleton (Crypt:2)
  A green draconian (Depths:5)
  10 entropy weavers
  2 black draconians
  13 vampire knights
  Nessos (Lair:6)
  5 dire elephants
  A red draconian (Zig:8)
  11 deep elf annihilators
  14 purple draconians
  A yellow draconian (Zig:8)
  4 bunyips
  A dire elephant (shapeshifter) (Zig:24)
  A merfolk javelineer (Zig:14)
  An eleionoma (shapeshifter) (Zig:20)
  5 green deaths
  2 white draconians (Depths:5)
  5 eleionomae
  9 statues (WizLab)
  13 ettins
  14 deep elf death magi
  9 eidola
  3 blizzard demons (Zig:11)
  4 mummy priests
  19 jiangshi
  2 crystal guardians (Zig:12)
  9 fire dragons
  3 death oozes (Depths:3)
  3 merfolk impalers
  11 deep elf high priests
  29 yaktaur captains
  3 shambling mangroves (Zig:18)
  A quicksilver dragon skeleton (Crypt:1)
  5 rakshasas
  12 great orbs of eyes
  9 ice dragons
  An ice dragon (shapeshifter) (Zig:17)
  A boulder beetle (shapeshifter) (Vaults:4)
  31 hydras
  A hydra (shapeshifter) (Zig:20)
  6 spriggan air magi
  37 vault guards
  2 alligator snapping turtles (shapeshifter)
  21 centaur warriors
  13 boulder beetles
  14 alligators
  11 death knights
  30 two-headed ogres
  3 merfolk avatars
  3 ghost crabs
  2 catoblepae (Zig:16)
  A spectral fire giant (Crypt:3)
  An anaconda (Swamp:2)
  13 dancing weapons
  10 ogre magi
  A queen ant (Spider:3)
  A satyr (Zig:9)
  5 tengu warriors
  7 deep troll shamans
  8 death yaks
  12 deep troll earth magi
  4 thrashing horrors
  6 naga sharpshooters (Zig:14)
  5 spriggan berserkers
  11 vampire magi
  8 orc high priests
  6 soul eaters
  14 small abominations
  27 deep elf knights
  43 skeletal warriors
  3 hell knights
  Sonja (Lair:1)
  A sun demon (Zig:10)
  An iron golem (Zig:12)
  5 wretched stars
  A spatial maelstrom (Zig:19)
  A storm dragon skeleton (Depths:2)
  10 fire crabs
  8 iron trolls
  17 shadow wraiths
  A ghost moth zombie (Crypt:2)
  2 death drakes (shapeshifter)
  3 sea snakes
  5 goliath frogs
  A spark wasp zombie (Zig:5)
  2 death drakes (Zig:18)
  22 deep trolls
  2 sea snakes (shapeshifter)
  5 unseen horrors
  A goliath frog (shapeshifter) (Zig:24)
  19 ironbrand convokers
  12 flayed ghosts
  4 wizards
  A swamp dragon (shapeshifter) (Vaults:2)
  4 bog bodies
  3 lindwurms
  17 swamp dragons
  2 obsidian statues (Zig:10)
  9 spriggan druids
  6 glowing orange brains
  3 wolf spiders (shapeshifter)
  21 deep elf archers
  4 necromancers
  Pikel (D:4)
  18 orc knights
  5 harpies
  38 phantasmal warriors
  A glowing shapeshifter (Zig:7)
  3 oklob plants
  A shadow dragon skeleton (Crypt:1)
  9 cyclopes
  8 orc sorcerers
  A frost giant zombie (Vaults:5)
  A goliath frog zombie (Crypt:3)
  A faun (Zig:14)
  69 ugly things
  6 will-o-the-wisps
  A faun (shapeshifter) (Zig:20)
  51 wolf spiders
  A cyclops (shapeshifter) (Vaults:4)
  A manticore (shapeshifter) (Zig:7)
  22 orb spiders
  31 slime creatures
  4 tengu skeletons
  A salamander (Depths:5)
  75 deep elf magi
  A spectral ettin (Crypt:3)
  A worldbinder (Zig:19)
  4 moths of wrath (Zig:15)
  2 stone giant zombies
  A sphinx skeleton (Zig:19)
  22 vault sentinels
  4 manticores
  An eye of devastation (Zig:10)
  A rust devil (Zig:3)
  6 smoke demons
  12 black mambas
  2 merfolk sirens (Zig:9)
  A guardian serpent (shapeshifter) (Vaults:3)
  A black mamba (shapeshifter) (Depths:4)
  3 eyes of devastation (shapeshifter)
  2 ice statues (Zig:10)
  15 elephants
  8 apocalypse crabs
  4 orange demons
  6 gargoyles
  A titan simulacrum (Vaults:5)
  2 water nymphs (Zig:9)
  Maurice (D:8)
  Psyche (D:11)
  9 torpor snails
  4 centaur skeletons
  2 cane toads (shapeshifter)
  A dire elephant skeleton (Crypt:1)
  A storm dragon simulacrum (Vaults:5)
  A kobold demonologist (D:13)
  A black draconian zombie (Crypt:1)
  14 cane toads
  10 rime drakes
  15 efreet
  A rime drake (shapeshifter) (Depths:1)
  9 komodo dragons
  9 starcursed masses
  73 yaktaurs
  2 spriggan zombies (Depths:2)
  15 freezing wraiths
  A tormentor (Zig:21)
  9 demonic crawlers
  2 ice devils (Zig:11)
  A catoblepas skeleton (Crypt:2)
  A pale draconian zombie (Crypt:1)
  10 guardian mummies
  5 ancient zymes
  2 human skeletons (Vaults:5)
  2 trolls (shapeshifter)
  4 tengu conjurers
  12 polar bears
  8 red devils
  29 jumping spiders
  A meliai (shapeshifter) (Elf:1)
  24 hornets
  A polar bear (shapeshifter) (Vaults:2)
  A black draconian skeleton (Crypt:3)
  A wind drake (Zig:9)
  4 hellwings
  A tyrant leech (shapeshifter) (Zig:24)
  Grinder (D:3)
  2 bloated husks
  10 merfolk (Zig:9)
  13 trolls
  A jumping spider (shapeshifter) (Depths:3)
  10 tyrant leeches
  A harpy skeleton (Crypt:2)
  A sea snake skeleton (Crypt:2)
  A raiju (shapeshifter) (Depths:3)
  A wind drake (shapeshifter) (Depths:3)
  A merfolk (shapeshifter) (Vaults:5)
  A snapping turtle (shapeshifter) (Vaults:2)
  A satyr zombie (Crypt:1)
  12 blink frogs
  3 raiju (Zig:19)
  An ettin zombie (Crypt:2)
  A snapping turtle (Zig:9)
  A frost giant simulacrum (Vaults:1)
  9 dream sheep
  73 redbacks
  3 air elementals
  13 shadows
  A spriggan (shapeshifter) (Depths:1)
  10 spriggans
  2 spriggan skeletons
  29 tarantellas
  A fire giant simulacrum (Zig:10)
  31 flying skulls
  2 ynoxinuls
  A tarantella (shapeshifter) (D:12)
  A fire dragon skeleton (Zig:2)
  3 vampires
  41 yaks
  8 water elementals
  6 humans (D:13)
  18 wraiths
  An ice dragon skeleton (Crypt:3)
  3 basilisks (shapeshifter)
  7 wyverns
  A wyvern (shapeshifter) (Zig:20)
  11 fire elementals
  3 ushabtiu (Zig:22)
  A yaktaur simulacrum (Vaults:5)
  Grum (D:11)
  3 fire bats (Swamp:4)
  4 neqoxecs
  4 steam dragons
  16 vampire mosquitoes
  4 basilisks
  7 chaos spawn
  17 swamp worms
  10 wargs
  An acid dragon (D:11)
  A spectral cane toad (Crypt:3)
  16 soldier ants
  A soldier ant (shapeshifter) (Zig:24)
  30 water moccasins
  2 floating eyes (shapeshifter)
  12 hell hounds
  A floating eye (Depths:4)
  58 orc warriors
  A black bear (shapeshifter) (Elf:1)
  7 ice beasts
  10 swamp drakes
  A black bear (D:9)
  An eye of draining (Zig:19)
  An eye of draining (shapeshifter) (Vaults:3)
  A sky beast (D:9)
  A hornet zombie (Crypt:1)
  32 ogres
  A phantom (D:6)
  10 boggarts
  36 centaurs
  16 wolves
  2 big kobolds
  2 elf zombies
  A fire crab zombie (Crypt:2)
  25 bullfrogs
  A bullfrog (shapeshifter) (Zig:24)
  A yaktaur zombie (Crypt:3)
  A human simulacrum (Zig:11)
  2 wyvern skeletons
  A warg zombie (Crypt:3)
  A yak zombie (Crypt:2)
  2 scorpions
  6 killer bees (D:13)
  8 howler monkeys
  35 wights
  4 electric eels
  A yak skeleton (Crypt:3)
  5 centaur zombies
  5 crimson imps
  7 hounds
  Crazy Yiuf (D:3)
  9 jellies
  3 bullfrog skeletons
  25 orc priests
  A human zombie (Ossuary)
  44 orc wizards
  4 iguanas
  Jessica (D:2)
  Ijyb (D:3)
  A black bear skeleton (Crypt:1)
  30 worker ants
  A killer bee zombie (Crypt:2)
  3 big kobold zombies (Ossuary)
  A deep dwarf zombie (Crypt:3)
  A hound zombie (D:5)
  A hound skeleton (D:5)
  8 mummies
  A howler monkey zombie (Crypt:3)
  Robin (D:2)
  10 adders
  17 gnolls
  4 shadow imps
  2 white imps
  2 ufetubi
  2 oozes
  2 adder skeletons (D:7)
  2 dart slugs
  4 leopard geckos
  83 orcs
  2 ball pythons
  7 giant cockroaches
  14 goblins
  16 hobgoblins
  10 jackals
  4 quokkas
  8 bats
  3 frilled lizards
  A giant cockroach zombie (D:5)
  A goblin skeleton (Crypt:3)
  3 goblin zombies
  7 hobgoblin zombies (Ossuary)
  A jackal zombie (Ossuary)
  32 kobolds
  13 kobold zombies (Ossuary)
  7 orc zombies (Ossuary)
  A quokka zombie (D:6)
  7 rats
  A rat zombie (Ossuary)
  3 ball lightnings (Zig:24)
  A bush (Lair:5)
  3 crawling corpses (Elf:3)
  31 fire vortices
  A starspawn tentacle (Zig:19)
3122 creatures vanquished.

Vanquished Creatures (collateral kills)
  Sojobo (Depths:1)
  A tentacled monstrosity (Zig:6)
  An acid blob (Depths:3)
  A very ugly thing (Zig:24)
  A slime creature (Depths:1)
  A golden eye (shapeshifter) (Zig:24)
  A starcursed mass (Zig:10)
  A jelly (Depths:3)
8 creatures vanquished.

Vanquished Creatures (others)
  A Killer Klown (Zig:24)
  An acid blob (shapeshifter) (Zig:21)
  2 fire dragons (Zig:25)
  A hydra (Swamp:4)
  An alligator (Swamp:4)
  A deep troll (shapeshifter) (Vaults:5)
  A flayed ghost (Vaults:3)
  2 ugly things (Zig:21)
  A jumping spider (Spider:1)
  4 dream sheep (Lair:5)
  A redback (Spider:3)
  3 humans (D:13)
  A floating eye (shapeshifter) (Zig:24)
  A swamp drake (Swamp:4)
  A wight (D:13)
  An orc priest (Orc:2)
  2 ball lightnings (Zig:21)
  2 blocks of ice
  68 fire vortices
  4 foxfires (Zig:18)
  38 fungi
  66 plants
  A starspawn tentacle (Zig:19)
204 creatures vanquished.

Grand Total: 3334 creatures vanquished

Notes
Turn   | Place    | Note
-------+----------+-------------------------------------------
     0 | D:1      | Mervan the Gargoyle Earth Elementalist began the quest for
                  | the Orb.
     0 | D:1      | Reached XP level 1. HP: 10/10 MP: 3/3
   353 | D:1      | Reached XP level 2. HP: 15/15 MP: 3/5
  1324 | D:2      | Reached XP level 3. HP: 19/19 MP: 1/7
  1576 | D:2      | Noticed Robin
  1603 | D:2      | Killed Robin
  1604 | D:2      | Reached XP level 4. HP: 13/24 MP: 8/8
  1791 | D:2      | Reached skill level 5 in Earth Magic
  2039 | D:2      | Reached XP level 5. HP: 28/28 MP: 2/10
  2264 | D:2      | Noticed Jessica
  2270 | D:2      | Killed Jessica
  2275 | D:2      | Learned a level 3 spell: Stone Arrow
  2414 | D:2      | Learned a level 5 spell: Lee's Rapid Deconstruction
  2563 | D:3      | Noticed Grinder
  2573 | D:3      | Killed Grinder
  2574 | D:3      | Reached XP level 6. HP: 22/32 MP: 3/12
  2687 | D:3      | Found a runed translucent door.
  2687 | D:3      | Noticed Crazy Yiuf
  2697 | D:3      | Killed Crazy Yiuf
  2797 | D:3      | Found a bloodstained altar of Trog.
  2833 | D:3      | Reached XP level 7. HP: 36/36 MP: 9/13
  2992 | D:3      | Noticed Ijyb
  2998 | D:3      | Killed Ijyb
  3197 | D:3      | Found a glowing golden altar of the Shining One.
  3758 | D:4      | Noticed Pikel
  3928 | D:4      | Killed Pikel
  3929 | D:4      | Reached skill level 5 in Spellcasting
  3929 | D:4      | Reached XP level 8. HP: 34/41 MP: 4/16
  4137 | D:4      | Found an iron altar of Okawaru.
  4180 | D:5      | Entered Level 5 of the Dungeon
  4505 | D:5      | Reached skill level 5 in Conjurations
  4532 | D:5      | Found a bloodstained altar of Trog.
  4623 | D:5      | Found a staircase to the Ecumenical Temple.
  4634 | Temple   | Entered the Ecumenical Temple
  4734 | Temple   | Became a worshipper of Vehumet
  4785 | D:5      | Reached skill level 1 in Fighting
  4785 | D:5      | Reached skill level 1 in Maces & Flails
  4785 | D:5      | Reached skill level 1 in Armour
  4892 | D:5      | Reached skill level 1 in Evocations
  5386 | D:6      | Reached XP level 9. HP: 39/48 MP: 13/18
  5646 | D:6      | Found a sand-covered staircase.
  5665 | Ossuary  | Entered an ossuary
  5732 | Ossuary  | Reached * piety under Vehumet
  5732 | Ossuary  | Offered knowledge of Shock by Vehumet.
  5972 | Ossuary  | Offered knowledge of Freeze by Vehumet.
  6040 | D:6      | Reached ** piety under Vehumet
  7245 | D:8      | Noticed angryZebra's ghost (novice DrVM)
  7523 | D:8      | Reached XP level 10. HP: 56/56 MP: 19/19
  7661 | D:8      | Offered knowledge of Frozen Ramparts by Vehumet.
  7680 | D:8      | Noticed Maurice
  7687 | D:8      | Killed Maurice
  7821 | D:8      | Reached *** piety under Vehumet
  7896 | D:8      | Found a transporter.
  7928 | D:8      | Found a transporter.
  8146 | D:8      | Found an opulent altar of Gozag.
  8149 | D:8      | Found a hide-covered altar of Uskayaw.
  8150 | D:8      | Found a hazy altar of Hepliaklqana.
  8150 | D:8      | Found a shimmering blue altar of Sif Muna.
  8302 | D:9      | Found Zoifoumeps's Jewellery Shoppe.
  8360 | D:9      | Offered knowledge of Iskenderun's Mystic Blast by Vehumet.
  8706 | D:9      | You fall into a shaft and drop 2 floors!
  8714 | D:11     | Noticed Grum
  8723 | D:11     | Noticed a four-headed hydra
  8737 | D:11     | Killed Grum
  8738 | D:11     | Killed a four-headed hydra
  8739 | D:11     | Reached skill level 5 in Fighting
  8740 | D:11     | Noticed a brown ugly thing
  8756 | D:11     | Reached XP level 11. HP: 53/63 MP: 4/21
  8759 | D:11     | Noticed a boulder beetle
  8765 | D:11     | Reached skill level 5 in Armour
  8767 | D:11     | Reached **** piety under Vehumet
  8775 | D:11     | Offered knowledge of Olgreb's Toxic Radiance by Vehumet.
  8780 | D:11     | Killed a boulder beetle
  8781 | D:11     | Reached skill level 10 in Earth Magic
  8783 | D:11     | Killed a brown ugly thing
  8794 | D:11     | Reached skill level 5 in Maces & Flails
  8911 | D:11     | Noticed Psyche
  8915 | D:11     | Killed Psyche
  9219 | D:11     | Learned a level 6 spell: Iron Shot
  9225 | D:11     | Learned a level 5 spell: Bolt of Magma
  9399 | D:10     | Entered Level 10 of the Dungeon
  9556 | D:10     | Found a staircase to the Lair.
  9580 | D:10     | Reached ***** piety under Vehumet
  9686 | D:10     | Offered knowledge of Sticky Flame by Vehumet.
  9835 | D:9      | Gained mutation: You have a somewhat thin skeletal
                  | structure. (Dex +2, Stealth) [potion of mutation]
  9835 | D:9      | Gained mutation: You are weak. (Str -2) [potion of
                  | mutation]
  9835 | D:9      | Lost mutation: You are weak. (Str -2) [potion of mutation]
  9836 | D:9      | Lost mutation: You have a somewhat thin skeletal structure.
                  | (Dex +2, Stealth) [potion of mutation]
  9836 | D:9      | Gained mutation: You possess an exceptional clarity of
                  | mind. [potion of mutation]
  9836 | D:9      | Gained mutation: Your skin changes colour to match your
                  | surroundings (Stealth+). [potion of mutation]
  9836 | D:9      | Gained mutation: You have large cloven feet. [potion of
                  | mutation]
  9858 | D:9      | Noticed a two-headed ogre
  9866 | D:9      | Killed a two-headed ogre
  9978 | D:9      | Found a snail-covered altar of Cheibriados.
 10370 | D:10     | Reached skill level 5 in Dodging
 10683 | D:12     | Noticed a manticore
 10732 | D:12     | Found a flagged portal.
 10744 | D:12     | Found the ring of Phasing {EV+8}
 10763 | D:12     | Noticed a harpy
 10765 | D:12     | Reached skill level 1 in Fire Magic
 10767 | D:12     | Noticed a moth of wrath
 10789 | D:12     | Found a transporter.
 10789 | D:12     | Noticed a manticore
 10792 | D:12     | Noticed a catoblepas
 10794 | D:12     | Killed an unseen horror
 10795 | D:12     | Reached skill level 5 in Evocations
 10796 | D:12     | Killed an unseen horror
 10797 | D:12     | Reached XP level 12. HP: 47/71 MP: 11/23
 10799 | D:12     | Noticed hidenotslide's ghost (journeyman HOAK)
 10854 | Bailey   | Entered a bailey
 11347 | D:12     | Identified a scroll of acquirement
 11347 | D:12     | Acquired a scarf of invisibility
 11407 | D:12     | Offered knowledge of Fulminant Prism by Vehumet.
 11416 | D:12     | Noticed a centaur warrior
 11416 | D:12     | Noticed an ogre mage
 11418 | D:12     | Noticed a deep elf knight
 11423 | D:12     | Noticed a two-headed ogre
 11424 | D:12     | Killed an ogre mage
 11425 | D:12     | Killed a deep elf knight
 11427 | D:12     | Killed a centaur warrior
 11430 | D:12     | Killed a two-headed ogre
 11430 | D:12     | Identified the ring "Rayneedgh" {Wiz rF- rC+ Int+6}
 11430 | D:12     | Noticed a centaur warrior
 11439 | D:12     | Killed a centaur warrior
 11798 | D:12     | Found a staircase to the Orcish Mines.
 11852 | D:12     | Found a radiant altar of Vehumet.
 11860 | D:12     | Found a transporter.
 12072 | D:12     | Reached skill level 5 in Fire Magic
 12239 | D:13     | Reached XP level 13. HP: 74/76 MP: 7/25
 13495 | D:13     | Noticed a vault guard
 13496 | D:13     | Noticed a vault guard
 13514 | D:13     | Killed a vault guard
 13518 | D:13     | Killed a vault guard
 13522 | D:13     | Noticed Kirke
 13534 | D:13     | Killed Kirke
 13573 | D:13     | Noticed a vault guard
 13582 | D:13     | Killed a vault guard
 13697 | D:13     | Noticed a vault guard
 13700 | D:13     | Killed a vault guard
 13740 | D:13     | Found a gate to the Vaults.
 14151 | D:14     | Got a steaming bronze ring
 14153 | D:14     | Identified the ring "Meilaycw" {rF+ Stlth-} (You found it
                  | on level 14 of the Dungeon)
 14229 | D:14     | Offered knowledge of Irradiate by Vehumet.
 14253 | D:14     | Learned a level 5 spell: Irradiate
 14507 | D:14     | Gained mutation: Your large and strong wings let you fly
                  | indefinitely. [Gargoyle growth]
 14507 | D:14     | Reached XP level 14. HP: 56/84 MP: 9/27
 15167 | Lair:1   | Entered Level 1 of the Lair of Beasts
 15424 | Lair:1   | Noticed Sonja
 15425 | Lair:1   | Killed Sonja
 16007 | Lair:2   | Reached skill level 10 in Conjurations
 16631 | Lair:2   | Found a hole to the Spider Nest.
 17656 | Lair:3   | Offered knowledge of Fireball by Vehumet.
 17663 | Lair:3   | Learned a level 5 spell: Fireball
 18379 | Lair:4   | Found a staircase to the Swamp.
 18722 | Lair:4   | Reached XP level 15. HP: 90/90 MP: 23/28
 19066 | Lair:4   | Reached XP level 16. HP: 96/96 MP: 28/31
 19380 | Lair:5   | Found a staircase to the Slime Pits.
 20032 | Lair:6   | Entered Level 6 of the Lair of Beasts
 20036 | Lair:6   | Noticed Nessos
 20039 | Lair:6   | Killed Nessos
 20561 | Lair:6   | Got a twisted helmet
 20604 | Lair:6   | Identified the +2 helmet "Cabletef" {+Blink} (You found it
                  | on level 6 of the Lair of Beasts)
 20791 | Lair:6   | Reached skill level 10 in Fire Magic
 21342 | Lair:6   | Found a snail-covered altar of Cheibriados.
 21953 | Orc:1    | Entered Level 1 of the Orcish Mines
 22279 | Orc:2    | Entered Level 2 of the Orcish Mines
 22305 | Orc:2    | Found a roughly hewn altar of Beogh.
 22313 | Orc:1    | Reached ****** piety under Vehumet
 22313 | Orc:1    | Offered knowledge of Starburst by Vehumet.
 22353 | Orc:1    | Reached skill level 10 in Fighting
 22420 | Orc:1    | Found a roughly hewn altar of Beogh.
 22428 | Orc:1    | Learned a level 6 spell: Starburst
 22544 | Orc:2    | Found a staircase to the Elven Halls.
 22897 | Orc:2    | Paralysed by an orc sorcerer for 5 turns
 23130 | Orc:2    | Found Hocwim's Assorted Antiques.
 23130 | Orc:2    | Found Kainaosk's Antique Armour Shoppe.
 23131 | Orc:2    | Found Zezaz's Weapon Emporium.
 23141 | Orc:2    | Found Sischuad's Distillery.
 23160 | Orc:2    | Bought a scroll of enchant weapon for 187 gold pieces
 23160 | Orc:2    | Bought a scroll of magic mapping for 87 gold pieces
 23160 | Orc:2    | Bought a potion of curing for 75 gold pieces
 23162 | Orc:2    | Bought a potion of curing for 42 gold pieces
 23162 | Orc:2    | Bought a potion of curing for 42 gold pieces
 23162 | Orc:2    | Bought a potion of invisibility for 112 gold pieces
 23162 | Orc:2    | Bought a potion of heal wounds for 70 gold pieces
 23162 | Orc:2    | Bought a potion of haste for 140 gold pieces
 23611 | Orc:2    | Found Leabla's Magic Scroll Emporium.
 23619 | Orc:2    | Bought a scroll of acquirement for 728 gold pieces
 23620 | Orc:2    | Acquired 1137 gold pieces
 23623 | Orc:2    | Bought a scroll of identify for 28 gold pieces
 23623 | Orc:2    | Bought a scroll of teleportation for 42 gold pieces
 23623 | Orc:2    | Bought 2 scrolls of magic mapping for 98 gold pieces
 23623 | Orc:2    | Bought a scroll of enchant weapon for 105 gold pieces
 23623 | Orc:2    | Bought a scroll of teleportation for 42 gold pieces
 23623 | Orc:2    | Bought a scroll of enchant armour for 105 gold pieces
 23850 | D:15     | Entered Level 15 of the Dungeon
 24224 | D:15     | Offered knowledge of Yara's Violent Unravelling by Vehumet.
 24328 | D:15     | Reached XP level 17. HP: 73/102 MP: 19/32
 24607 | D:15     | Found a runed translucent door.
 24609 | D:15     | Found a shimmering altar of Xom.
 24610 | D:15     | Noticed Veuxo's ghost (journeyman DEIE)
 24716 | D:15     | Found a staircase to the Depths.
 25410 | Spider:1 | Entered Level 1 of the Spider Nest
 25578 | Spider:1 | Offered knowledge of Chain Lightning by Vehumet.
 25834 | Spider:1 | Gained mutation: Your magical capacity is low. (-10% MP)
                  | [mutagenic glow]
 26479 | Spider:1 | Upgraded the game from 0.26-a0-1101-g8f9f7f7418 to
                  | 0.26-a0-1106-g6dfc622489
 26479 | Spider:1 | Lost mutation: You have large cloven feet. [potion of
                  | mutation]
 26479 | Spider:1 | Lost mutation: Your magical capacity is low. (-10% MP)
                  | [potion of mutation]
 26479 | Spider:1 | Gained mutation: You are strong-willed. (Will+) [potion of
                  | mutation]
 26479 | Spider:1 | Gained mutation: You are agile. (Dex +2) [potion of
                  | mutation]
 27203 | Spider:2 | Reached skill level 10 in Maces & Flails
 27494 | Spider:2 | Offered knowledge of Lehudib's Crystal Spear by Vehumet.
 27494 | Spider:2 | Offered knowledge of Fire Storm by Vehumet.
 27494 | Spider:2 | Offered knowledge of Shatter by Vehumet.
 27993 | Spider:2 | Reached XP level 18. HP: 70/110 MP: 11/34
 28234 | Spider:2 | Noticed Frances
 28240 | Spider:2 | Killed Frances
 28602 | Spider:3 | Noticed Louise
 28616 | Spider:3 | Killed Louise
 29797 | Spider:4 | Entered Level 4 of the Spider Nest
 29975 | Swamp:1  | Entered Level 1 of the Swamp
 32540 | Swamp:3  | Noticed Jorgrun
 32547 | Swamp:3  | Killed Jorgrun
 32883 | Swamp:4  | Entered Level 4 of the Swamp
 33123 | Swamp:3  | Reached skill level 10 in Evocations
 33137 | Swamp:3  | Reached XP level 19. HP: 31/116 MP: 8/35
 33622 | Elf:1    | Entered Level 1 of the Elven Halls
 33705 | Elf:1    | Found Upraff's Antique Armour Emporium.
 34294 | Elf:1    | Found Huqiucw's Antique Armour Shoppe.
 34297 | Elf:1    | Bought a heavily runed leather armour for 294 gold pieces
 34297 | Elf:1    | Identified the +1 leather armour of Cicytre {rElec} (You
                  | bought it in a shop on level 1 of the Elven Halls)
 35953 | Elf:2    | Found Wycasaof's Antique Weapon Emporium.
 36304 | Elf:2    | Found a huge runed translucent gate.
 36304 | Elf:2    | Found a huge runed translucent gate.
 36304 | Elf:2    | Found a huge runed translucent gate.
 36304 | Elf:2    | Found a huge runed translucent gate.
 36308 | Elf:2    | Found a huge runed translucent gate.
 36312 | Elf:2    | Identified the +2 morningstar "Omutaurph" {pain, rElec
                  | Str+3 Int+2} (You found it on level 2 of the Elven Halls)
 36458 | Elf:3    | Entered Level 3 of the Elven Halls
 37540 | Elf:3    | Reached skill level 15 in Earth Magic
 37543 | Elf:3    | Reached skill level 10 in Dodging
 37584 | Elf:3    | Reached XP level 20. HP: 97/123 MP: 5/37
 38144 | Elf:3    | Identified the ring of Qinecseu {*Drain rF+ rN++ SInv}
 38354 | Elf:3    | Identified the cursed +3 quarterstaff of a Labyrinth
                  | {vorpal, rPois rN+ Str-4 Dex+4} (You found it on level 3 of
                  | the Elven Halls)
 38355 | Elf:3    | Identified the Guide on Contamination
 38388 | Elf:3    | Identified A Thorough Guide to Rites and Rhymes
 39579 | Spider:4 | Identified Roxanne's Volume of Transmigration
 39579 | Spider:4 | Noticed Roxanne
 39585 | Spider:4 | Killed Roxanne
 41465 | Spider:4 | Got a gossamer rune of Zot
 41809 | Vaults:1 | Entered Level 1 of the Vaults
 42166 | Vaults:1 | Noticed Donald
 42174 | Vaults:1 | Killed Donald
 42324 | Vaults:1 | Reached skill level 15 in Fire Magic
 42924 | Vaults:1 | Reached XP level 21. HP: 106/129 MP: 38/38
 44975 | Vaults:2 | Noticed Mennas
 44989 | Vaults:2 | Paralysed by a great orb of eyes for 7 turns
 45009 | Vaults:2 | Killed Mennas
 45891 | Vaults:2 | Found Anuohabb's General Store.
 45900 | Vaults:2 | Reached XP level 22. HP: 112/136 MP: 40/40
 45922 | Vaults:2 | Bought a scroll of identify for 28 gold pieces
 46522 | Vaults:2 | Found Wekon's Weapon Shop.
 47005 | Vaults:2 | Learned a level 9 spell: Shatter
 47193 | Vaults:2 | Found a staircase to the Crypt.
 47625 | Vaults:3 | Noticed Mara
 47659 | Vaults:3 | Noticed Boris
 47678 | Vaults:2 | Killed Boris
 47938 | Vaults:3 | Killed Mara
 48026 | Vaults:3 | Noticed Saint Roka
 48032 | Vaults:3 | Killed Saint Roka
 48304 | Vaults:3 | Noticed Nikola
 48327 | Vaults:3 | Killed Nikola
 49349 | Vaults:3 | Found a runed translucent gate.
 49349 | Vaults:3 | Found a runed translucent gate.
 49349 | Vaults:3 | Found a runed translucent gate.
 49352 | Vaults:3 | Noticed Qoejuywk's ghost (adept DsCK)
 49381 | Vaults:3 | Killed Qoejuywk's ghost
 49564 | Vaults:3 | Identified the cursed +0 hat of Past Mistakes {rPois} (You
                  | found it on level 3 of the Vaults)
 49566 | Vaults:3 | Identified the +2 helmet of the Other Side {+Blink Int+7}
                  | (You found it on level 3 of the Vaults)
 50092 | Swamp:4  | Reached XP level 23. HP: 95/140 MP: 23/41
 50346 | Swamp:4  | Got a decaying rune of Zot
 51202 | Vaults:4 | Found a magical portal.
 51218 | WizLab   | Entered Iskenderun's Mystic Tower
 52844 | WizLab   | Identified Iskenderun's Compendium of Combat Magic
 52844 | WizLab   | Identified Iskenderun's Handbook of Confrontation
 53354 | Vaults:4 | Identified the +0 spear of Reunit {venom, +Rage rElec Str-4
                  | Dex+6}
 53493 | Vaults:4 | Reached skill level 15 in Spellcasting
 54167 | Vaults:4 | Reached skill level 15 in Conjurations
 55113 | Vaults:5 | Entered Level 5 of the Vaults
 55116 | Vaults:5 | Reached XP level 24. HP: 148/148 MP: 42/42
 55117 | Vaults:5 | Noticed Xtahua
 55124 | Vaults:5 | Noticed an ancient lich
 55126 | Vaults:5 | Killed an ancient lich
 55126 | Vaults:5 | Noticed an ancient lich
 55128 | Vaults:5 | Killed Xtahua
 55251 | Vaults:5 | Killed an ancient lich
 55264 | Vaults:5 | Reached skill level 15 in Fighting
 55293 | Vaults:5 | Identified the +1 robe "Yshruwe" {*Drain rElec Will+}
 55665 | Vaults:5 | Got a transparent ivory ring
 55666 | Vaults:5 | Identified the ring of the Sky {Wiz *Drain Dex+5} (You
                  | found it on level 5 of the Vaults)
 55671 | Vaults:5 | Got a warped turquoise ring
 55672 | Vaults:5 | Identified the ring "Nireil" {rElec rC+ EV+4} (You found it
                  | on level 5 of the Vaults)
 55681 | Vaults:5 | Identified the Volume of Snow
 55801 | Vaults:5 | Reached XP level 25. HP: 155/156 MP: 28/43
 56093 | Vaults:5 | Found Quczoach's General Store.
 56100 | Vaults:5 | Bought a scroll of teleportation for 42 gold pieces
 56100 | Vaults:5 | Bought a scroll of identify for 28 gold pieces
 56243 | Vaults:5 | Identified the ring "Giggum" {rF+ Stlth-} (You found it on
                  | level 5 of the Vaults)
 56475 | Vaults:5 | Got a silver rune of Zot
 56714 | Crypt:1  | Entered Level 1 of the Crypt
 57040 | Crypt:1  | You are sucked into a shaft and drop 1 floor!
 57067 | Crypt:2  | Noticed Boris
 57077 | Crypt:2  | Killed Boris
 58802 | Crypt:2  | Learned a level 9 spell: Fire Storm
 59100 | Crypt:3  | Entered Level 3 of the Crypt
 59262 | Crypt:3  | Reached XP level 26. HP: 141/163 MP: 41/44
 59979 | Crypt:3  | Found a staircase to the Tomb.
 60218 | Crypt:3  | Found a basalt altar of Yredelemnul.
 61278 | Depths:1 | Entered Level 1 of the Depths
 61376 | Depths:1 | Found Pudamm's Jewellery Shoppe.
 61377 | Depths:1 | Noticed Sojobo
 61378 | Depths:1 | Found Quzat's Gadget Boutique.
 61397 | Depths:1 | Killed Sojobo
 61467 | Depths:1 | Found Roazok's Jewellery Shoppe.
 61721 | Depths:1 | Found a gateway to Hell.
 62024 | Depths:1 | Identified the cursed +3 demon blade of Balance {drain,
                  | rElec}
 62257 | Depths:1 | Found a runed translucent door.
 62257 | Depths:1 | Noticed Empopn's ghost (adept GnWn)
 62535 | Depths:1 | Found a broken altar of Ashenzari.
 62936 | Depths:2 | Found a gateway to a ziggurat.
 62971 | Depths:2 | Reached XP level 27. HP: 171/171 MP: 44/44
 63560 | Depths:2 | Found a white marble altar of Elyvilon.
 63757 | Depths:2 | Identified the +0 leather armour of Agnosticism {rF++ Str+4
                  | Dex+2} (You found it on level 2 of the Depths)
 64279 | Depths:3 | Got a clouded tin ring
 64475 | Depths:3 | Identified the ring "Kuoso" {+Inv MP+9 Dex+7} (You found it
                  | on level 3 of the Depths)
 64737 | Depths:3 | Found a one-way gate to the infinite horrors of the Abyss.
 64850 | Depths:3 | Gained mutation: Your magical capacity is low. (-10% MP) [a
                  | neqoxec]
 65235 | Depths:3 | Found a one-way gate leading to the halls of Pandemonium.
 67148 | Depths:4 | Noticed a juggernaut
 67157 | Depths:4 | Paralysed by a floating eye for 2 turns
 67161 | Depths:4 | Killed a juggernaut
 67283 | Depths:4 | Lost mutation: You are strong-willed. (Will+) [potion of
                  | mutation]
 67283 | Depths:4 | Lost mutation: You possess an exceptional clarity of mind.
                  | [potion of mutation]
 67283 | Depths:4 | Lost mutation: You are agile. (Dex +2) [potion of mutation]
 67283 | Depths:4 | Gained mutation: Armour fits poorly on your strangely
                  | shaped body. [potion of mutation]
 67283 | Depths:4 | Gained mutation: You are dopey. (Int -2) [potion of
                  | mutation]
 67283 | Depths:4 | Gained mutation: You are clumsy. (Dex -2) [potion of
                  | mutation]
 67283 | Depths:4 | Gained mutation: You have a pair of small antennae on your
                  | head. [potion of mutation]
 67291 | Depths:4 | Lost mutation: You are dopey. (Int -2) [potion of mutation]
 67291 | Depths:4 | Lost mutation: Your magical capacity is low. (-10% MP)
                  | [potion of mutation]
 67291 | Depths:4 | Lost mutation: You are clumsy. (Dex -2) [potion of
                  | mutation]
 67291 | Depths:4 | Lost mutation: You have a pair of small antennae on your
                  | head. [potion of mutation]
 67291 | Depths:4 | Gained mutation: You have very sharp teeth. [potion of
                  | mutation]
 67291 | Depths:4 | Gained mutation: You tend to lose your temper in combat.
                  | [potion of mutation]
 67291 | Depths:4 | Gained mutation: You occasionally shout uncontrollably at
                  | your foes. [potion of mutation]
 67291 | Depths:4 | Gained mutation: You evolve. [potion of mutation]
 67292 | Depths:4 | Lost mutation: You evolve. [potion of mutation]
 67292 | Depths:4 | Lost mutation: Armour fits poorly on your strangely shaped
                  | body. [potion of mutation]
 67292 | Depths:4 | Lost mutation: You occasionally shout uncontrollably at
                  | your foes. [potion of mutation]
 67292 | Depths:4 | Lost mutation: You tend to lose your temper in combat.
                  | [potion of mutation]
 67292 | Depths:4 | Gained mutation: You are robust. (+10% HP) [potion of
                  | mutation]
 67292 | Depths:4 | Lost mutation: You are robust. (+10% HP) [potion of
                  | mutation]
 67292 | Depths:4 | Gained mutation: You have sharp fingernails. [potion of
                  | mutation]
 67312 | Depths:4 | Found the +3 hat of Pondering {ponderous, Will+ MP+10
                  | Int+5}
 67321 | Depths:4 | Identified the Compendium of Cobwebs
 67392 | Depths:5 | Entered Level 5 of the Depths
 67415 | Depths:5 | Found a gate to the Realm of Zot.
 68578 | Depths:5 | Upgraded the game from 0.26-a0-1106-g6dfc622489 to
                  | 0.26-a0-1120-ga1b6d6fda9
 68677 | Zig:1    | Entered Level 1 of a ziggurat
 68716 | Zig:2    | Entered Level 2 of a ziggurat
 68732 | Zig:3    | Entered Level 3 of a ziggurat
 68766 | Zig:4    | Entered Level 4 of a ziggurat
 68935 | Zig:5    | Entered Level 5 of a ziggurat
 68941 | Zig:5    | Reached skill level 15 in Dodging
 68977 | Zig:6    | Entered Level 6 of a ziggurat
 69036 | Zig:7    | Entered Level 7 of a ziggurat
 69039 | Zig:7    | Noticed an ancient lich
 69043 | Zig:7    | Found the +6 arbalest "Damnation" {damnation}
 69044 | Zig:7    | Killed an ancient lich
 69104 | Zig:8    | Entered Level 8 of a ziggurat
 69175 | Zig:9    | Entered Level 9 of a ziggurat
 69244 | Zig:10   | Entered Level 10 of a ziggurat
 69324 | Zig:10   | Identified the +1 leather armour of Responsibility {rPois
                  | rN++ Will+ Stlth-} (You found it on level 10 of a ziggurat)
 69326 | Zig:10   | Identified the cursed +1 robe "Jean" {rElec Str+3 Stlth-}
                  | (You found it on level 10 of a ziggurat)
 69342 | Zig:11   | Entered Level 11 of a ziggurat
 69407 | Zig:11   | Identified the +1 robe of Supple Strength {rF- rC+ Will+}
                  | (You found it on level 11 of a ziggurat)
 69418 | Zig:12   | Entered Level 12 of a ziggurat
 69492 | Zig:12   | Got a steaming emerald amulet
 69497 | Zig:12   | Identified the amulet "Qounyma" {RegenMP +Fly} (You found
                  | it on level 12 of a ziggurat)
 69503 | Zig:13   | Entered Level 13 of a ziggurat
 69601 | Zig:14   | Entered Level 14 of a ziggurat
 69704 | Zig:15   | Entered Level 15 of a ziggurat
 69717 | Zig:15   | Noticed a juggernaut
 69718 | Zig:15   | Noticed a juggernaut
 69718 | Zig:15   | Noticed a juggernaut
 69720 | Zig:15   | Killed a juggernaut
 69720 | Zig:15   | Killed a juggernaut
 69721 | Zig:15   | Killed a juggernaut
 69788 | Zig:15   | Learned a level 8 spell: Ignition
 69802 | Zig:15   | Learned a level 9 spell: Absolute Zero
 69811 | Zig:16   | Entered Level 16 of a ziggurat
 69828 | Zig:16   | Reached skill level 5 in Ice Magic
 69837 | Zig:16   | Identified the Papyrus of the Quantum Birds
 69866 | Zig:16   | Identified the Reference Book on Confrontation
 69872 | Zig:17   | Entered Level 17 of a ziggurat
 69890 | Zig:17   | Noticed an ancient lich
 69895 | Zig:17   | Killed an ancient lich
 69896 | Zig:17   | Reached skill level 10 in Ice Magic
 70300 | Zig:18   | Entered Level 18 of a ziggurat
 70339 | Zig:18   | Found the amulet of Vitality {Regen+ HP+15}
 70349 | Zig:18   | Identified the Tome of Snow
 70358 | Zig:18   | Got a twitching pewter amulet
 70361 | Zig:18   | Identified the amulet of the Philosopher {Acrobat *Drain
                  | *Slow Int+6 SInv} (You found it on level 18 of a ziggurat)
 70411 | Zig:19   | Entered Level 19 of a ziggurat
 70432 | Zig:19   | Noticed an ancient lich
 70435 | Zig:19   | Killed an ancient lich
 70464 | Zig:19   | Identified the +1 robe of the Dolphin {rElec rF+ Regen+}
                  | (You found it on level 19 of a ziggurat)
 70470 | Zig:19   | Identified Rorriffa's Arcane Secrets of Wizardry
 70489 | Zig:20   | Entered Level 20 of a ziggurat
 70501 | Zig:20   | Noticed Xikhetua the pandemonium lord
 70505 | Zig:20   | Noticed Adoch the pandemonium lord
 70505 | Zig:20   | Noticed Vecw the pandemonium lord
 70505 | Zig:20   | Noticed Lapnog the pandemonium lord
 70506 | Zig:20   | Noticed Ecuesai the pandemonium lord
 70507 | Zig:20   | Noticed Seulab the pandemonium lord
 70508 | Zig:20   | Found the +8 mithril axe "Arga" {speed, Will+}
 70508 | Zig:20   | Noticed Neun the pandemonium lord
 70509 | Zig:20   | Noticed Itealea the pandemonium lord
 70509 | Zig:20   | Noticed Wogeosk the pandemonium lord
 70510 | Zig:20   | Reached skill level 15 in Ice Magic
 70511 | Zig:20   | Found the +8 orange crystal plate armour {Archmagi, Int+3
                  | Clar}
 70513 | Zig:21   | Entered Level 21 of a ziggurat
 70584 | Zig:21   | Noticed Kopued the pandemonium lord
 70587 | Zig:21   | Noticed Apiar the pandemonium lord
 70589 | Zig:21   | Killed Kopued the pandemonium lord
 70589 | Zig:21   | Noticed Juujeugg the pandemonium lord
 70589 | Zig:21   | Noticed Ockojulu the pandemonium lord
 70589 | Zig:21   | Noticed Piosokke the pandemonium lord
 70593 | Zig:21   | Noticed Xivvas the pandemonium lord
 70594 | Zig:21   | Noticed Ylesymaz the pandemonium lord
 70594 | Zig:21   | Noticed Odgho the pandemonium lord
 70594 | Zig:21   | Noticed Lilyim the pandemonium lord
 70599 | Zig:22   | Entered Level 22 of a ziggurat
 70639 | Zig:22   | Noticed a royal mummy
 70640 | Zig:22   | Noticed a royal mummy
 70642 | Zig:22   | Noticed a royal mummy
 70645 | Zig:22   | Killed a royal mummy
 70645 | Zig:22   | Killed a royal mummy
 70646 | Zig:22   | Killed a royal mummy
 70648 | Zig:22   | Noticed a royal mummy
 70649 | Zig:22   | Noticed a royal mummy
 70650 | Zig:22   | Noticed a royal mummy
 70650 | Zig:22   | Noticed a royal mummy
 70650 | Zig:22   | Noticed a royal mummy
 70650 | Zig:22   | Noticed a royal mummy
 70652 | Zig:22   | Found the +18 shield of the Gong {rElec rN+ Will+ EV-5}
 70657 | Zig:23   | Entered Level 23 of a ziggurat
 70668 | Zig:23   | Noticed an orb of fire
 70669 | Zig:23   | Noticed an orb of fire
 70670 | Zig:23   | Noticed an orb of fire
 70678 | Zig:23   | Noticed an orb of fire
 70685 | Zig:23   | Found the +4 Cigotuvi's embrace {rMiasma *Drain rN+}
 70689 | Zig:23   | Noticed an orb of fire
 70690 | Zig:23   | Noticed an orb of fire
 70691 | Zig:23   | Gained mutation: You are dopey. (Int -2) [an orb of fire]
 70693 | Zig:24   | Entered Level 24 of a ziggurat
 70715 | Zig:24   | Noticed Cisun the pandemonium lord
 70720 | Zig:24   | Noticed Sissada the pandemonium lord
 70720 | Zig:24   | Noticed Simipako the pandemonium lord
 70721 | Zig:24   | Noticed Nuiloph the pandemonium lord
 70721 | Zig:24   | Noticed Jinoan the pandemonium lord
 70721 | Zig:24   | Noticed Ribbo Wiseiss the pandemonium lord
 70721 | Zig:24   | Noticed Ogeodas the pandemonium lord
 70721 | Zig:24   | Noticed Qont the pandemonium lord
 70722 | Zig:24   | Noticed Sawnaah the pandemonium lord
 70722 | Zig:24   | Noticed Rawoj the pandemonium lord
 70724 | Zig:24   | Noticed Dete Weumni the pandemonium lord
 70725 | Zig:24   | Noticed Xupn the pandemonium lord
 70725 | Zig:24   | Noticed Danuf the pandemonium lord
 70727 | Zig:24   | Killed Ogeodas the pandemonium lord
 70727 | Zig:24   | Killed Jinoan the pandemonium lord
 70727 | Zig:24   | Killed Simipako the pandemonium lord
 70727 | Zig:24   | Killed Qont the pandemonium lord
 70728 | Zig:24   | Killed Rawoj the pandemonium lord
 70729 | Zig:24   | Noticed Kutaivoi the pandemonium lord
 70730 | Zig:24   | Killed Nuiloph the pandemonium lord
 70730 | Zig:24   | Killed Xupn the pandemonium lord
 70731 | Zig:24   | Noticed Soczaov the pandemonium lord
 70731 | Zig:24   | Noticed Vyusaol the pandemonium lord
 70731 | Zig:24   | Killed Sissada the pandemonium lord
 70731 | Zig:24   | Killed Sawnaah the pandemonium lord
 70731 | Zig:24   | Noticed Purett the pandemonium lord
 70732 | Zig:24   | Killed Danuf the pandemonium lord
 70732 | Zig:24   | Killed Ribbo Wiseiss the pandemonium lord
 70732 | Zig:24   | Killed Cisun the pandemonium lord
 70733 | Zig:24   | Killed Dete Weumni the pandemonium lord
 70733 | Zig:24   | Noticed Feuczeal the pandemonium lord
 70734 | Zig:24   | Killed Vyusaol the pandemonium lord
 70735 | Zig:24   | Killed Soczaov the pandemonium lord
 70735 | Zig:24   | Killed Kutaivoi the pandemonium lord
 70735 | Zig:24   | Killed Purett the pandemonium lord
 70737 | Zig:24   | Killed Feuczeal the pandemonium lord
 70795 | Zig:24   | Found the +7 great mace "Firestarter" {inner flame, rF++}
 70858 | Zig:25   | Entered Level 25 of a ziggurat
 70874 | Zig:25   | Noticed an orb of fire
 70876 | Zig:25   | Noticed an orb of fire
 70883 | Zig:25   | Gained mutation: Scrolls take you a little longer to read.
                  | [an orb of fire]
 70883 | Zig:25   | Gained mutation: Scrolls take you longer to read. [an orb
                  | of fire]
 70884 | Zig:25   | Killed an orb of fire
 70884 | Zig:25   | Noticed an orb of fire
 70885 | Zig:25   | Noticed an orb of fire
 70887 | Zig:25   | Noticed an orb of fire
 70889 | Zig:25   | HP: 6/199 [balrug/divine providence (13)]
 70889 | Zig:25   | Killed from afar by a fire dragon

Illustrated notes

Levels and vault maps discovered:
D:1:      lightli_arrival_chessboard, layout_basic, serial_park_tiny_pond
D:2:      layout_basic, minmay_quantized, uniq_robin, uniq_jessica
D:3:      layout_basic, tso_oasis_becter, serial_curves, eino_curves_03,
          eino_curves_01, bloody_trog, uniq_crazy_yiuf_cottage, uniq_grinder,
          uniq_ijyb
D:4:      layout_rooms, okawaru_ov_weapons_minmay, uniq_pikel
D:5:      layout_cave_pools, minmay_temple_entry_stoned_glass,
          minmay_misc_feat_hallway, trog_hazing_becter
D:6:      layout_basic, enter_ossuary_4
D:7:      layout_basic, kennysheep_crisscross
D:8:      layout_loops_ring, minitemple, gammafunk_ghost_stat_death,
          uniq_maurice
D:9:      layout_basic, kennysheep_mini, serial_shops, shop,
          minmay_misc_feat_enclosed
D:10:     layout_irregular_city, erik_lair_island
D:11:     layout_rooms, uniq_grum, uniq_psyche
D:12:     minmay_the_grid_octo_tiled_squarecenter_mashed
          [minmay_the_grid_octo_empty, minmay_the_grid_octo_thin_diamonds,
          minmay_the_grid_octo_clover, minmay_the_grid_octo_odd_swirl,
          minmay_the_grid_square_5x5_megaprize_open,
          minmay_the_grid_square_5x5_z, minmay_the_grid_square_5x5_n,
          minmay_the_grid_square_5x5_spiral_small,
          minmay_the_grid_square_5x5_inner_z], layout_irregular_city,
          gammafunk_ghost_berserking_beasts, basic_altar, enter_bailey_2,
          due_unseen_surprise
D:13:     layout_long_grid, ximxim_vaults_locker_room, uniq_kirke
D:14:     layout_loops_ring, hangedman_abyss_or_decor_stagger,
          minmay_beelzebubs_servants
D:15:     hangedman_depths_entry_try_elsewhere_first, layout_long_grid,
          minivault_24, ebering_ghost_xom
Temple:   regret_index_temple_sphere_string
Lair:1:   layout_long_grid, uniq_sonja
Lair:2:   layout_layer_cave, spider_nest_entry_webs
Lair:3:   layout_chaotic_city, beast_lair_carwin_11
Lair:4:   layout_roguey, palyth_hydra_swamp_entry, beast_lair_carwin_10
Lair:5:   layout_regular_city, nicolae_slime_entry_slimehenge,
          minmay_lair_oklob_items
Lair:6:   gammafunk_lair_ancient_temple, layout_cave_pods,
          chequers_serial_rivers_large_b, kennysheep_snail_temple,
          infiniplex_staircase_pool, uniq_nessos
Swamp:1:  layout_basic_swamp, nicolae_swamp_trees_clearing, swamp_pool4,
          nicolae_swamp_feature_on_the_river_bank
Swamp:2:  layout_basic_swamp, nicolae_swamp_stair_fork, swamp_pool2,
          nicolae_swamp_snake_nest
Swamp:3:  layout_falls_marsh, hangedman_swamp_diagram, swamp_pool1, uniq_jorgrun
Swamp:4:  swamp_fiery, layout_basic_swamp, nicolae_swamp_round_clearing
Spider:1: layout_spider_delve, drop_trap
Spider:2: spider_temple_joshua, spiders_nest_spider_trap, uniq_frances
Spider:3: layout_spider_delve, zaba_antful_of_joy,
          hangedman_spider_tarantella_strand, uniq_louise
Spider:4: spider_rune_water, uniq_roxanne
Orc:1:    layout_caves, basic_altar
Orc:2:    st_orc_mages, layout_diamond_mine, serial_shops, nicolae_shop_stone,
          basic_altar, guppyfry_library_mini
Elf:1:    layout_onion_city, serial_shops, nicolae_shop_behind_doors,
          nicolae_shop_behind_doors, kennysheep_underground_church,
          patterned_corridor
Elf:2:    layout_geoelf_grid, serial_shops, nicolae_shop_statue_plus,
          st_stairs_2
Elf:3:    minmay_elf_hall_quartered_circle, layout_geoelf_castle, serial_sigils,
          serial_sigils_hangedman_confine, serial_sigils_hangedman_gut,
          serial_sigils_hangedman_gnaw
Vaults:1: v_misc_14, v_misc_28, vaults_room_boxed, hangedman_vaults_restitches,
          dpeg_vaults_monster_row, ontoclasm_vaults_shout, vaults_room_pools,
          vaults_mumra_lcd, nicolae_vaults_windows_and_doors_thing,
          nicolae_vaults_puzzle_piece, layout_vaults_ring, uniq_donald
Vaults:2: hangedman_vaults_nails, nicolae_vaults_angled_halls,
          minmay_crypt_entry_simple_box, hangedman_vaults_stagger,
          nicolae_vaults_triangles, hangedman_vaults_slice,
          vaults_mumra_chevron, st_cells, vaults_mumra_minichess,
          ontoclasm_vaults_loading_screen, ontoclasm_vaults_decontamination,
          dpeg_vaults_monster_box, layout_vaults_omnigrid, serial_shops,
          shop_statue, uniq_mennas
Vaults:3: gammafunk_vaults_ghost_tricky_traps, v_misc_4,
          hangedman_vaults_river_flow, v_misc_22, v_misc_16, v_rooms_4,
          v_misc_27, hangedman_vaults_pinch, hangedman_vaults_stitches,
          nicolae_vaults_little_squares_6, grunt_vaults_hallway_long,
          layout_vaults_maze, uniq_mara, uniq_saint_roka, uniq_nikola,
          uniq_boris
Vaults:4: ontoclasm_vaults_tryst, hangedman_vaults_nails, v_pattern_2,
          nicolae_vaults_good_morning_starshine, hangedman_vaults_impose,
          nicolae_vaults_little_squares_5, ontoclasm_vaults_misaligned,
          nicolae_vaults_sealed_display, nicolae_vaults_circle_grid_b,
          v_misc_24, nicolae_vaults_alarming, nicolae_vaults_yaktaur_gun_rack,
          vaults_mumra_hexcomb, nicolae_vaults_little_squares_5,
          layout_vaults_omnibox, mu_enter_wizlab_4
Vaults:5: serial_shops, uniq_xtahua
Crypt:1:  layout_chaotic_city, grunt_megastairs_1, grunt_crypt_arrival_split
Crypt:2:  layout_misc_corridors, minmay_guarded_unrand_curses
Crypt:3:  church_of_pain_bobbens, layout_chaotic_city, tomb_entry_shell_bobbens,
          serial_sigils_hangedman_quiver
Depths:1: layout_gridlike, gammafunk_ghost_grave, ashenzari_altar_1,
          hellmouth_2, lemuel_flamethrower_3, grunt_megastairs_5,
          minmay_shop_grove, uniq_sojobo
Depths:2: evilmike_pillar_path, layout_cross, enter_ziggurat_a, hell_entry,
          lemuel_round_altar, serial_sigils_hangedman_stare,
          kennysheep_generic_room_7
Depths:3: minmay_triangles_in_corner, layout_basic, minmay_crystal_room,
          grunt_pan_entry_zigzag, special_room [special_room_jelly],
          abyss_entry_small_statue_room, hell_entry,
          infiniplex_staircase_squiggle, kennysheep_random_hallway
Depths:4: cross_vault, layout_gridlike, pf_vacation_house_of_asmodeus,
          abyss_entry, st_stairs_3, laboratory, infiniplex_staircase_zigzag_4
Depths:5: grunt_zot_entry_bicorn, layout_cave_pools, pan_entry, hell_entry,
          corexii_leaking_fountain
Zig:25

Skill      XL: |  1  2  3  4  5  6  7  8  9 10 11 12 13 14 15 16 17 18 19 20 21 22 23 24 25 26 27 |
---------------+----------------------------------------------------------------------------------+-----
Earth Magic    | 4 5 6 7 8 9 10 11 12 13 14 15 19 22 | 22.2
Spellcasting   | 3 4 5 6 7 8 9 11 12 13 14 15 16 17 21 | 21.6
Conjurations   | 2 4 5 6 7 8 9 10 11 12 13 14 15 16 17 20 | 20.0
Fighting       | 2 3 5 6 7 8 9 10 11 12 13 14 15 16 17 22 | 22.2
Maces & Flails | 1 3 4 5 6 7 8 9 10 11 12 13 14 | 14.0
Armour         | 1 3 4 6 |  6.0
Dodging        | 2 3 4 5 6 7 8 9 10 11 12 13 15 | 15.0
Evocations     | 1 2 4 5 6 7 8 9 10 | 10.0
Fire Magic     | 1 5 7 9 10 11 13 14 15 16 17 19 20 22 | 22.0
Ice Magic      | 20 | 20.9
Stealth        | |  2.1
Transmutations | |  0.7

Action                   |  1- 3 |  4- 6 |  7- 9 | 10-12 | 13-15 | 16-18 | 19-21 | 22-24 | 25-27 || total
-------------------------+-------+-------+-------+-------+-------+-------+-------+-------+-------++-------
Melee: Unarmed           |    32 |       |       |       |       |       |       |       |       ||    32
       Dagger            |    80 |    29 |    91 |       |       |       |       |       |       ||   200
       Mace              |       |     5 |       |       |       |       |       |       |       ||     5
       Long sword        |       |       |   228 |    44 |       |       |       |       |       ||   272
       Dire flail        |       |       |       |   260 |   436 |  1057 |   502 |   197 |       ||  2452
       Kick              |       |       |       |    34 |    31 |       |       |       |       ||    65
       Sacred scourge    |       |       |       |       |       |       |     7 |   344 |  1091 ||  1442
       Bite              |       |       |       |       |       |       |       |       |     9 ||     9
Throw: Throwing net      |       |       |       |       |       |       |       |     3 |       ||     3
 Cast: Sandblast         |    17 |    37 |   117 |    66 |    29 |    11 |     1 |       |       ||   278
       Stone Arrow       |       |       |    10 |    31 |     1 |     1 |       |       |       ||    43
       Lee's Rapid Decon |       |       |     1 |    40 |    37 |    50 |   135 |    84 |     2 ||   349
       Bolt of Magma     |       |       |       |    15 |    33 |    22 |    28 |    15 |     2 ||   115
       Iron Shot         |       |       |       |     3 |    61 |   191 |   136 |    68 |    97 ||   556
       Fireball          |       |       |       |       |     5 |    58 |    53 |     9 |     2 ||   127
       Irradiate         |       |       |       |       |       |    31 |    16 |     3 |     2 ||    52
       Starburst         |       |       |       |       |       |    66 |    18 |    16 |     3 ||   103
       Shatter           |       |       |       |       |       |       |       |   112 |   277 ||   389
       Fire Storm        |       |       |       |       |       |       |       |       |    60 ||    60
       Ignition          |       |       |       |       |       |       |       |       |    11 ||    11
       Absolute Zero     |       |       |       |       |       |       |       |       |     2 ||     2
 Abil: Fly               |       |       |       |       |     1 |       |       |       |       ||     1
Evoke: Wand              |     4 |     1 |    10 |    21 |     7 |    11 |    17 |       |     6 ||    77
       Condenser vane    |       |       |       |       |       |     3 |     5 |     2 |     2 ||    12
       Tin of tremorston |       |       |       |       |       |       |     5 |       |       ||     5
       Phantom mirror    |       |       |       |       |       |       |     1 |       |       ||     1
       Box of beasts     |       |       |       |       |       |       |       |       |     1 ||     1
  Use: Scroll            |       |     8 |    11 |    16 |     9 |    12 |    15 |    13 |    46 ||   130
       Potion            |       |       |       |    10 |     3 |     8 |     5 |     8 |    34 ||    68
 Stab: Sleeping          |       |     2 |     3 |     1 |     9 |     5 |     5 |     1 |     4 ||    30
       Distracted        |       |       |       |       |       |     2 |     2 |     3 |     2 ||     9
       Invisible         |       |       |       |       |       |       |     3 |       |       ||     3
       Held in net/web   |       |       |       |       |       |       |       |     2 |       ||     2
Armor: Robe              |    71 |    26 |   221 |   238 |   155 |   530 |       |       |       ||  1241
       Leather armour    |       |       |       |       |       |    95 |   273 |   178 |   443 ||   989
Dodge: Dodged            |   111 |    37 |   255 |   424 |   580 |  1754 |   684 |   414 |  1044 ||  5303
       Rpst.: Long sword |       |       |    58 |    14 |       |       |       |       |       ||    72

Table legend: (Time is in decaauts)
 A = Elapsed time spent in this place.
 B = Non-inter-level travel time spent in this place.
 C = Inter-level travel time spent in this place.
 D = Time resting spent in this place.
 E = Time spent auto-exploring this place.
 F = Levels seen in this place.
 G = Mean time per level.
                   A        B        C        D        E       F      G
               +--------+--------+--------+--------+--------+-----+--------+
         Total |  69897 |  65821 |   4076 |  15038 |  35987 |  76 |  919.7 |
       Dungeon |  16808 |  15503 |   1305 |   2457 |   9321 |  15 | 1120.5 |
        Temple |    116 |    100 |     16 |      0 |     91 |   1 |  116.0 |
          Lair |   7077 |   6503 |    574 |    298 |   4972 |   6 | 1179.5 |
         Swamp |   4326 |   4125 |    201 |   1558 |   1891 |   4 | 1081.5 |
   Spider Nest |   6536 |   6052 |    484 |   1905 |   2783 |   4 | 1634.0 |
  Orcish Mines |   1845 |   1751 |     94 |    221 |   1049 |   2 |  922.5 |
   Elven Halls |   5709 |   5472 |    237 |   1345 |   3398 |   3 | 1903.0 |
        Vaults |  11464 |  10751 |    713 |   2886 |   5768 |   5 | 2292.8 |
         Crypt |   4067 |   3892 |    175 |    913 |   1830 |   3 | 1355.7 |
        Depths |   7139 |   6866 |    273 |   1406 |   4289 |   5 | 1427.8 |
      Ziggurat |   2179 |   2179 |      0 |    813 |      0 |  25 |   87.2 |
       Ossuary |    390 |    390 |      0 |      0 |     44 |   1 |  390.0 |
        Bailey |    395 |    395 |      0 |      0 |    246 |   1 |  395.0 |
        Wizlab |   1840 |   1840 |      0 |   1235 |    305 |   1 | 1840.0 |
               +--------+--------+--------+--------+--------+-----+--------+

Top non-repeatable levels by time:
Vaults:2: 3204 daAuts
Vaults:1: 2692 daAuts
   Elf:3: 2637 daAuts
Vaults:4: 2319 daAuts
Depths:4: 2307 daAuts
    D:13: 2126 daAuts
Vaults:3: 2024 daAuts
   Elf:1: 1956 daAuts
Depths:1: 1923 daAuts
Spider:4: 1919 daAuts
Spider:2: 1897 daAuts
  WizLab: 1840 daAuts
  Lair:6: 1755 daAuts
 Crypt:3: 1515 daAuts
    D:12: 1511 daAuts
